 Dungeon Crawl Stone Soup version 0.20-a0-454-g2b43fbb (webtiles) character file.

4647 mopl the Carver (level 10, -1/81 HPs)
             Began as a Barachian Skald on Jan 9, 2017.
             Was an Initiate of Fedhas.
             Slain by a two-headed ogre
             ... wielding a +0 giant spiked club
              (19 damage)
             ... on level 9 of the Dungeon.
             The game lasted 00:22:45 (12141 turns).

mopl the Carver (Barachian Skald)                  Turns: 12141, Time: 00:22:46

Health: -1/81      AC:  9    Str:  9    XL:     10   Next: 43%
Magic:  18/22      EV: 12    Int: 12    God:    Fedhas [......]
Gold:   361        SH:  6    Dex: 14    Spells: 1/14 levels left

rFire  . . .     SeeInvis .     b - +1 dagger (venom)
rCold  . . .     Gourm    .     D - +0 leather armour
rNeg   . . .     Faith    .     (no shield)
rPois  +         Spirit   .     n - +0 helmet
rElec  .         Reflect  +     i - +0 cloak
rCorr  .         Harm     .     R - +1 pair of gloves
MR     .....                    (no boots)
Stlth  +.........               l - +6 amulet of reflection
                                p - +2 ring of protection
                                H - ring of magical power

@: infused, slow
A: swims, poison resistance, robust 1, slowness 1, strong legs 1
a: Hop, Fungal Bloom, Renounce Religion


You were on level 9 of the Dungeon.
You worshipped Fedhas.
Fedhas was noncommittal.
You were hungry.

You visited 2 branches of the dungeon, and saw 10 of its levels.

You collected 361 gold pieces.

Inventory:

Hand Weapons
 a - a +0 long sword
 b - a +1 dagger of venom (weapon)
 F - a +0 falchion
 L - a +0 dagger of pain
Missiles
 g - 231 stones (quivered)
 t - 44 poisoned needles
 y - 6 tomahawks
 I - 5 tomahawks of returning
Armour
 i - a +0 cloak (worn)
 n - a +0 helmet (worn)
 D - a +0 leather armour (worn)
 R - a +1 pair of gloves (worn)
Magical Staves
 G - an uncursed staff of earth
Jewellery
 e - an uncursed ring of ice
 l - a +6 amulet of reflection (around neck)
 p - a +2 ring of protection (right hand)
 H - a ring of magical power (left hand)
 N - an uncursed ring of ice
 T - an uncursed amulet of guardian spirit
Wands
 U - a wand of acid (8/15)
Scrolls
 j - 2 scrolls of teleportation
 o - a scroll of remove curse
 v - 2 scrolls of amnesia {unknown}
 w - a scroll of immolation {unknown}
 B - a scroll of random uselessness {unknown}
 J - a scroll of fear {unknown}
 K - a scroll of enchant armour {unknown}
 Q - a scroll of brand weapon {unknown}
Potions
 f - 4 potions of might
 h - 2 potions of lignification {!q}
 k - a potion of magic
 q - a potion of haste
 r - 4 potions of brilliance
 s - 2 potions of cure mutation {unknown}
 u - 5 potions of curing {unknown}
 x - 2 potions of berserk rage {unknown}
 z - 4 potions of flight {unknown}
 A - 2 potions of heal wounds
 E - a potion of degeneration {unknown}
 P - a potion of ambrosia {unknown}
Books
 c - a book of Battle

   Spells                             Type                      Level
   a - Infusion                       Charms                       1
   b - Shroud of Golubria             Charms/Translocation         2
   c - Song of Slaying                Charms                       2
   d - Spectral Weapon                Hexes/Charms                 3
   e - Regeneration                   Charms/Necromancy            3
Comestibles
 d - 8 bread rations
 m - a beef jerky
 C - 3 meat rations
 M - 3 royal jellies


   Skills:
 + Level 5.0 Fighting
 * Level 12.1 Long Blades
 - Level 1.1 Armour
 - Level 2.0 Dodging
 - Level 2.5 Spellcasting
 + Level 3.6 Hexes
 + Level 5.2 Charms
 + Level 3.7 Necromancy
 + Level 3.8 Translocations
 + Level 3.1 Invocations


You had one spell level left.
You knew the following spells:

 Your Spells              Type           Power        Failure   Level  Hunger
a - Infusion              Chrm           ##..         6%          1    #......
b - Song of Slaying       Chrm           ##......     10%         2    ###....
c - Spectral Weapon       Hex/Chrm       ##......     17%         3    ###....
d - Apportation           Tloc           ##........   10%         1    #......
f - Shroud of Golubria    Chrm/Tloc      ##........   10%         2    ###....
r - Regeneration          Chrm/Necr      ##........   17%         3    ###....
x - Animate Skeleton      Necr           N/A          10%         1    #......


Dungeon Overview and Level Annotations

Branches:
Dungeon (9/15)             Temple (1/1) D:6
   Lair: D:8-11         Orc: D:9-12

Altars:
Ashenzari
Cheibriados
Dithmenos
Elyvilon
Fedhas
Gozag
Hepliaklqana
Kikubaaqudgha
Makhleb
Nemelex Xobeh
Okawaru
Qazlal
Ru
Sif Muna
Trog
Uskayaw
Vehumet
Xom
Yredelemnul
Zin
The Shining One

Annotations:
D:3 mopl's ghost, amateur BaSk


Innate Abilities, Weirdness & Mutations

You can swim through water.
You cover ground slowly.
You can hop short distances.
Your system is resistant to poisons. (rPois)
You are robust. (+10% HP)


Message History

There is a stone staircase leading up, spattered with blood here.
Unknown command.
Your wandering mushroom barely misses the two-headed ogre.
You hit the two-headed ogre.
The two-headed ogre is poisoned.
The two-headed ogre is lightly wounded.
You block the two-headed ogre's attack.
The two-headed ogre hits you with a giant spiked club!
Your wandering mushroom completely misses the two-headed ogre.
You hit the two-headed ogre.
The two-headed ogre is lightly wounded.
You barely miss the two-headed ogre.
The two-headed ogre is lightly wounded.
Your wandering mushroom releases spores at the two-headed ogre.
The two-headed ogre is engulfed in a cloud of spores!
The two-headed ogre hits you with a giant spiked club!!
* * * LOW HITPOINT WARNING * * *
Your shroud falls apart!
The two-headed ogre hits you with a giant spiked club!!
You die...
Fedhas appreciates your contribution to the ecosystem.

.#######......
.............
........)...#
............#
............####
........$.......
.......f........
#@O########
#..........
...............
.........?.....
##..##########.
.... ..... ###.


You could see a two-headed ogre and a friendly wandering mushroom.

Vanquished Creatures
  2 two-headed ogres (D:8)
  Prince Ribbit (D:6)
  Sigmund (D:4)
  3 orc warriors
  2 sky beasts
  2 ice beasts
  A centaur (D:8)
  6 ogres
  3 bullfrogs
  4 killer bees (D:8)
  A howler monkey (D:5)
  7 crimson imps
  4 centaur skeletons
  4 orc priests
  3 hounds
  2 bullfrog skeletons
  A gnoll shaman (D:5)
  14 orc wizards
  Natasha (thrice) (D:2)
  3 iguanas
  6 worker ants
  2 hound skeletons (D:4)
  4 gnolls (D:5)
  4 adders
  4 shadow imps
  2 oozes
  An adder skeleton (D:5)
  3 worms
  2 dart slugs (D:1)
  2 leopard geckos
  42 orcs
  11 bats
  5 giant cockroaches
  9 hobgoblins
  12 jackals
  5 quokkas
  4 frilled lizards
  A giant cockroach zombie (D:5)
  6 goblins
  9 kobolds
  A quokka skeleton (D:6)
  10 rats
212 creatures vanquished.

Vanquished Creatures (others)
  28 toadstools
28 creatures vanquished.

Grand Total: 240 creatures vanquished

Notes
Turn   | Place    | Note
-------+----------+-------------------------------------------
     0 | D:1      | mopl the Barachian Skald began the quest for the Orb.
     0 | D:1      | Reached XP level 1. HP: 16/16 MP: 3/3
    86 | D:1      | Reached skill level 3 in Long Blades
    86 | D:1      | Reached XP level 2. HP: 13/22 MP: 1/5
   127 | D:1      | Learned a level 2 spell: Song of Slaying
   130 | D:1      | Learned a level 2 spell: Shroud of Golubria
   615 | D:1      | Reached XP level 3. HP: 23/27 MP: 2/6
   825 | D:1      | Reached skill level 4 in Long Blades
  1830 | D:2      | Reached XP level 4. HP: 33/33 MP: 4/7
  2036 | D:3      | Noticed mopl's ghost (amateur BaSk)
  2106 | D:2      | Reached skill level 5 in Long Blades
  2743 | D:2      | Reached XP level 5. HP: 19/38 MP: 4/8
  2917 | D:2      | Learned a level 3 spell: Spectral Weapon
  3194 | D:2      | Gained mutation: You are weak. (Str -2) [potion of mutation]
  3194 | D:2      | Gained mutation: Your system is resistant to poisons. (rPois) [potion of mutation]
  3194 | D:2      | Lost mutation: You are weak. (Str -2) [potion of mutation]
  3194 | D:2      | HP: 1/38 [something/puff of flame (5)]
  3199 | D:2      | Reached skill level 6 in Long Blades
  3438 | D:2      | Reached XP level 6. HP: 31/44 MP: 5/9
  3928 | D:3      | Noticed Natasha
  4253 | D:3      | Reached skill level 7 in Long Blades
  4274 | D:2      | Killed Natasha
  4536 | D:2      | Noticed Natasha
  4546 | D:2      | Killed Natasha
  4699 | D:2      | Noticed Natasha
  4708 | D:2      | Killed Natasha
  5093 | D:4      | Noticed Sigmund
  5244 | D:2      | Reached skill level 8 in Long Blades
  5244 | D:2      | Reached XP level 7. HP: 24/50 MP: 6/10
  5759 | D:4      | Killed Sigmund
  5774 | D:4      | Reached skill level 9 in Long Blades
  6401 | D:4      | Learned a level 1 spell: Animate Skeleton
  6403 | D:4      | Learned a level 1 spell: Apportation
  6477 | D:5      | Entered Level 5 of the Dungeon
  6533 | D:5      | Reached XP level 8. HP: 54/56 MP: 9/11
  6667 | D:5      | Reached skill level 10 in Long Blades
  7224 | D:5      | Reached skill level 1 in Translocations
  7833 | D:4      | Reached skill level 1 in Necromancy
  7907 | D:4      | Reached skill level 3 in Fighting
  8269 | D:6      | Found a sparkling altar of Nemelex Xobeh.
  8280 | D:5      | Reached skill level 1 in Hexes
  8409 | D:6      | Reached XP level 9. HP: 59/64 MP: 12/12
  8420 | D:6      | Learned a level 3 spell: Regeneration
  8614 | D:6      | Found a staircase to the Ecumenical Temple.
  8643 | D:6      | Reached skill level 4 in Charms
  8706 | Temple   | Entered the Ecumenical Temple
  8772 | Temple   | Became a worshipper of Fedhas Madash
  8792 | D:6      | Noticed Prince Ribbit
  8814 | D:6      | Reached skill level 2 in Necromancy
  8814 | D:6      | Reached skill level 2 in Translocations
  8820 | D:6      | Killed Prince Ribbit
  8820 | D:6      | Reached skill level 11 in Long Blades
  9104 | D:6      | Found a shimmering altar of Xom.
  9450 | D:6      | Reached skill level 2 in Hexes
  9529 | D:7      | Reached skill level 4 in Fighting
  9529 | D:7      | Reached skill level 1 in Invocations
 10084 | D:7      | Found an ancient bone altar of Kikubaaqudgha.
 10084 | D:7      | Found an iron altar of Okawaru.
 10126 | D:7      | Found a stormy altar of Qazlal.
 10126 | D:7      | Found a burning altar of Makhleb.
 10129 | D:7      | Found a shadowy altar of Dithmenos.
 10135 | D:7      | Found a hide-covered altar of Uskayaw.
 10136 | D:7      | Found a shattered altar of Ashenzari.
 10625 | D:8      | Reached skill level 3 in Translocations
 10734 | D:8      | Reached skill level 2 in Invocations
 10795 | D:8      | Reached skill level 3 in Necromancy
 10883 | D:8      | Reached XP level 10. HP: 37/73 MP: 8/13
 11112 | D:8      | Noticed a two-headed ogre
 11135 | D:8      | Killed a two-headed ogre
 11135 | D:8      | Reached skill level 3 in Hexes
 11135 | D:8      | Reached skill level 5 in Charms
 11144 | D:8      | Reached * piety under Fedhas
 11457 | D:8      | Reached skill level 12 in Long Blades
 11728 | D:8      | Gained mutation: You are robust. (+10% HP) [potion of beneficial mutation]
 11882 | D:9      | Noticed a two-headed ogre
 11882 | D:9      | Noticed a two-headed ogre
 11906 | D:8      | Killed a two-headed ogre
 11906 | D:8      | Reached skill level 5 in Fighting
 11906 | D:8      | Reached skill level 3 in Invocations
 12141 | D:9      | Slain by a two-headed ogre

Vault maps used:
D:1:      lightli_iron_boxes, minmay_pentomino_t2
D:2:      first_bread, grunt_ministairs_2, kennysheep_generic_room_16
D:3:      uniq_natasha
D:4:      uniq_sigmund
D:6:      grunt_temple_overflow_open, uniq_prince_ribbit1
D:7:      minitemple
D:9:      lemuel_insect_pit
Temple:   nicolae_temple_hex_pool

Skill      XL: |  1  2  3  4  5  6  7  8  9 10 |
---------------+-------------------------------+-----
Long Blades    | 3 4 5 6 8 9 10 11 12 | 12.1
Translocations | 1 3 |  3.8
Necromancy     | 1 3 |  3.7
Fighting       | 3 4 5 |  5.0
Hexes          | 1 2 3 |  3.6
Charms         | 4 5 |  5.2
Invocations    | 2 3 |  3.1
Armour         | |  1.1
Dodging        | |  2.0
Spellcasting   | |  2.5

Action                   |  1- 3 |  4- 6 |  7- 9 | 10-12 || total
-------------------------+-------+-------+-------+-------++-------
Melee: Falchion          |   135 |   309 |     1 |       ||   445
       Long sword        |       |       |   369 |       ||   369
       Dagger            |       |       |   345 |   100 ||   445
Throw: Stone             |       |       |       |     2 ||     2
 Cast: Infusion          |    21 |    26 |    29 |     3 ||    79
       Shroud of Golubri |       |       |    12 |     5 ||    17
       Regeneration      |       |       |     3 |     2 ||     5
Invok: Fungal Bloom      |       |       |     5 |     5 ||    10
       Evolution         |       |       |       |     1 ||     1
 Abil: Hop               |       |     1 |     8 |     2 ||    11
  Use: Potion            |       |     3 |       |     2 ||     5
       Scroll            |       |       |     5 |     2 ||     7
  Eat: Chunk             |     5 |     9 |    23 |     3 ||    40
       Fruit             |       |     1 |     1 |       ||     2
       Pizza             |       |     1 |       |     1 ||     2
Armor: Leather armour    |    37 |   110 |   153 |    15 ||   315
Dodge: Dodged            |    95 |   137 |   274 |    38 ||   544
Block: Other             |     5 |    76 |   128 |    25 ||   234
       Reflection        |       |     1 |     4 |     2 ||     7
       Rpst.: Falchion   |    25 |    38 |       |       ||    63
       Long sword        |       |       |    45 |       ||    45
